 Dungeon Sprint DCSS version 0.30.1-4-g462c640d31 (webtiles) character file.

Game seed: 11143121976568162847

15082 Heoruswealwe the Executioner (level 12, 0/172 HPs)
             Began as a Hill Orc Fighter on Aug 22, 2023.
             Was the Champion of the Shining One.
             Slain by a daeva
             ... wielding a +4 long sword of holy wrath
              (6 damage)
             ... in the Dungeon (Sprint I: "Red Sonja").
             The game lasted 00:55:17 (3313 turns).

Heoruswealwe the Executioner (Hill Orc Fighter)     Turns: 3313, Time: 00:55:18

Health: 0/172      AC: 33    Str: 24    XL:     12   Next: 23%
Magic:  9/12       EV:  2    Int:  8    God:    the Shining One [******]
Gold:   48         SH: 10    Dex: 10    Spells: 11/11 levels left

rFire   . . .        a - +0 war axe (protect)
rCold   . . .        d - +0 buckler
rNeg    + + +        c - melded +1 chain mail {rF+}
rPois   +            g - melded +1 helmet "Paecalul" {rPois Str+3}
rElec   .            h - melded +0 cloak {Will+}
rCorr   .            f - melded +2 pair of gloves {Str+3}
SInv    .            e - melded +0 pair of boots
Will    .....        (no amulet)
Stlth   +            k - ring of flight
HPRegen 0.48/turn    (no ring)
MPRegen 0.13/turn

%: no teleportation
@: mighty, divinely shielded, tree-form, under a protective aura, glowing
A: stationary, stasis, torment immunity, boosted hp, (talons 1), (iridescent
scales 2), deterioration 1, frail 1
a: Renounce Religion, Divine Shield, Cleansing Flame, Summon Divine Warrior,
Brand Weapon With Holy Wrath


You were in the Dungeon.
You worshipped the Shining One.
The Shining One was exalted by your worship.
You were a tree.
You visited 1 branch You collected 3108 gold pieces.
You spent 3060 gold pieces at shops.

Inventory:

Hand Weapons
 a - a +0 war axe of protection (weapon)
 b - the +9 sling "Hydrabane" {flame, Fly rPois rC+++ Str-5}
   (You bought it in a shop in the Dungeon)

   Str:       It affects your strength (-5).
   rC:        It renders you almost immune to cold.
   rPois:     It protects you from poison.
   Fly:       It grants you flight.
 x - the +9 flail of Rilah {protect, rElec}
   (You bought it in a shop in the Dungeon)

   rElec:     It insulates you from electricity.
 y - the +6 eveningstar of a volcano {venom, Str+5 Int+2}
   (You bought it in a shop in the Dungeon)

   Str:       It affects your strength (+5).
   Int:       It affects your intelligence (+2).
Armour
 c - a +1 chain mail of fire resistance (melded)
 d - a +0 buckler (worn)
 e - a +0 pair of boots (melded)
 f - a +2 pair of gloves of strength (melded)
 g - the +1 helmet "Paecalul" (melded) {rPois Str+3}
   (You bought it in a shop in the Dungeon)

   Str:       It affects your strength (+3).
   rPois:     It protects you from poison.
 h - a +0 cloak of willpower (melded)
Jewellery
 k - a ring of flight (left branch)
Wands
 o - a wand of polymorph (3)
 s - a wand of digging (3)
 B - a wand of paralysis (6)
Scrolls
 i - a scroll of fog
 j - a scroll of blinking
 n - a scroll of identify
 u - a scroll of fear
 v - 3 scrolls of enchant weapon
Potions
 A - 2 potions of cancellation


   Skills:
 + Level 18.5 Fighting
 * Level 26.7 Axes
 + Level 17.0 Armour
 - Level 3.2 Shields


You had 11 spell levels left.
You didn't know any spells.
Your spell library contained the following spells:

 Spells                   Type           Power      Damage    Failure   Level
 Frozen Ramparts          Ice            0%         1d1       83%         3
 Ice Form                 Ice/Tmut       0%         N/A       99%         4
 Summon Ice Beast         Ice/Summ       0%         N/A       99%         4


Dungeon Overview and Level Annotations

Branches:
Dungeon (1/1)

Altars:
Cheibriados
Dithmenos
Elyvilon
Fedhas
Gozag
Hepliaklqana
Kikubaaqudgha
Makhleb
Nemelex Xobeh
Okawaru
Qazlal
Ru
Sif Muna
Trog
Uskayaw
Vehumet
Wu Jian
Xom
Yredelemnul
Zin
The Shining One
Jiyva
Lugonu

Shops:
D (!*([:*?![[*?=?!!:([*


Innate Abilities, Weirdness & Mutations

You are a tree.
Your roots penetrate the ground, keeping you stationary.
You cannot be teleported.
You are immune to unholy pain and torment.
Your maximum health is greatly increased.
Your equipment is partially melded.
((You have sharp toenails.))
((You are mostly covered in iridescent scales. (AC +4)))
Your body sometimes deteriorates upon taking damage.
You are frail. (-10% HP)


Message History

You feel better.
The daeva calls down the wrath of the Shining One upon you.
The Shining One smites you! The Shining One protects you from harm!
The daeva blocks your attack.
The daeva is severely wounded.
The daeva calls down the wrath of the Shining One upon you.
The Shining One smites you! The Shining One protects you from harm!
Your shield is strengthened by the Shining One's divine power.
The daeva hits you but does no damage. You block the daeva's attack.
You slice the daeva!!
Your weapon exudes an aura of protection.
The daeva is almost dead.
The daeva blocks your attack.
The daeva is almost dead.
The daeva hits you but does no damage.
The daeva hits you with a +4 long sword of holy wrath!
* * * LOW HITPOINT WARNING * * *
The daeva blocks your attack.
The daeva is almost dead.
The daeva calls down the wrath of the Shining One upon you.
The Shining One smites you! The Shining One protects you from harm!
The daeva blocks your attack.
The daeva is almost dead.
The daeva barely misses you. The daeva hits you but does no damage.
You hit the daeva.
Your weapon exudes an aura of protection.
The daeva is almost dead.
You block the daeva's attack. The daeva hits you but does no damage.
The daeva blocks your attack.
The daeva is almost dead.
The daeva blocks your attack.
The daeva is almost dead.
You block the daeva's attack. x2
The daeva blocks your attack.
The daeva is almost dead.
The daeva hits you with a +4 long sword of holy wrath.
You die...

#..#.§§§'§§§§§.+,,*,,+,,,,*,,,,,,
##'#§####.§.§.##,,+,,*,,,,**,,,,,
'..#§#.###§.§#####**+*,,,,,*****,
#..+.#'#.###+#=$(##,,*,,,,,*,,,*,
#+####...#.#.##$$$#,,**,,,,*,∩,*,
..○..#..)..#..##.$#,,~***+**,,,*,
.○○°.+.....##.#..$#,,~,,*,****+*,
##..°#.....#..##A$#,,~,**+*,,,,**
.#..°###++##.##.♣$#,,~**,,,,,,,,*
.#..###..###..#'###,,~*,,,,,,,,,,
.#..####..###...#,~,,**,,,,,,,,,,
§##'#..#!.#.###.#,~,,*,,,,,,,,,,,
§##)#..°○.....#.#**,,*,,,,,,,,,,,
§####°°.......#.#,+,,**,,,,,,,,,,
§#..'°.....####+#,**+**,,,,,,,,,,
.#####...###,,,,*,*~~~**,,,,,,,,*
.#,,,#####,,,****,*~~~~**,,,,,,**


You could see a daeva.

Vanquished Creatures
  A lorocyproca (D)
  2 centaur warriors (D)
  Sonja (D)
  A deep troll (D)
  A lindwurm (D)
  8 shining eyes (D)
  An oklob plant (D)
  4 demonic crawlers (D)
  A gargoyle (D)
  2 kobold demonologists (D)
  7 unseen horrors (D)
  A meliai (D)
  A hornet (D)
  Sigmund (D)
  A slime creature (D)
  13 hogs (D)
  A yak (D)
  2 redbacks (D)
  6 floating eyes (D)
  An ogre (D)
  7 necrophages (D)
  8 jellies (D)
  Ijyb (D)
72 creatures vanquished.

Vanquished Creatures (others)
  2 ballistomycete spores (D)
2 creatures vanquished.

Grand Total: 74 creatures vanquished

Notes
Turn   | Place    | Note
-------+----------+-------------------------------------------
     0 | D        | Heoruswealwe the Hill Orc Fighter began the quest for the
                  | Orb.
     0 | D        | Reached XP level 1. HP: 19/19 MP: 1/1
     1 | D        | Noticed Ijyb
    32 | D        | Killed Ijyb
    33 | D        | Reached skill level 5 in Fighting
    33 | D        | Reached skill level 5 in Axes
    33 | D        | Reached XP level 2. HP: 17/29 MP: 2/2
    33 | D        | Reached XP level 3. HP: 21/36 MP: 3/3
    90 | D        | Noticed an ogre
    95 | D        | Killed an ogre
    96 | D        | Reached skill level 8 in Axes
    96 | D        | Reached skill level 5 in Armour
    96 | D        | Reached XP level 4. HP: 45/45 MP: 4/4
   153 | D        | Noticed Sigmund
   166 | D        | Killed Sigmund
   167 | D        | Reached skill level 11 in Axes
   167 | D        | Reached XP level 5. HP: 52/56 MP: 5/5
   167 | D        | Reached XP level 6. HP: 58/62 MP: 6/6
   180 | D        | Found an ornate altar of the Wu Jian Council.
   180 | D        | Found a shimmering blue altar of Sif Muna.
   182 | D        | Found a radiant altar of Vehumet.
   188 | D        | Reached skill level 12 in Axes
   214 | D        | Found Foerog's Antique Weapon Emporium.
   214 | D        | Found an ancient bone altar of Kikubaaqudgha.
   214 | D        | Found a hazy altar of Hepliaklqana.
   214 | D        | Found a stormy altar of Qazlal.
   214 | D        | Found a hide-covered altar of Uskayaw.
   214 | D        | Found a blossoming altar of Fedhas.
   214 | D        | Found a bloodstained altar of Trog.
   214 | D        | Found an iron altar of Okawaru.
   214 | D        | Found a basalt altar of Yredelemnul.
   214 | D        | Found a glowing golden altar of the Shining One.
   214 | D        | Found a snail-covered altar of Cheibriados.
   214 | D        | Found a sacrificial altar of Ru.
   214 | D        | Found a glowing silver altar of Zin.
   214 | D        | Found a shadowy altar of Dithmenos.
   214 | D        | Found a white marble altar of Elyvilon.
   214 | D        | Noticed a yak
   219 | D        | Killed a yak
   220 | D        | Reached skill level 13 in Axes
   220 | D        | Reached XP level 7. HP: 57/70 MP: 7/7
   220 | D        | Found an opulent altar of Gozag.
   221 | D        | Found a sparkling altar of Nemelex Xobeh.
   227 | D        | Became a worshipper of the Shining One
   241 | D        | Found a burning altar of Makhleb.
   241 | D        | Found a viscous altar of Jiyva.
   241 | D        | Found a shimmering altar of Xom.
   241 | D        | Found a corrupted altar of Lugonu.
   241 | D        | Noticed a slime creature
   254 | D        | Killed a slime creature
   255 | D        | Reached skill level 10 in Fighting
   255 | D        | Reached skill level 14 in Axes
   404 | D        | Noticed a kobold demonologist
   404 | D        | Reached * piety under the Shining One
   405 | D        | Noticed a kobold demonologist
   412 | D        | Killed a kobold demonologist
   412 | D        | Reached ** piety under the Shining One
   413 | D        | Reached skill level 15 in Axes
   413 | D        | Reached skill level 10 in Armour
   413 | D        | Reached XP level 8. HP: 82/82 MP: 8/8
   417 | D        | Killed a kobold demonologist
   418 | D        | Reached skill level 16 in Axes
   430 | D        | Noticed a centaur warrior
   431 | D        | Noticed a centaur warrior
   441 | D        | Killed a centaur warrior
   442 | D        | Reached skill level 18 in Axes
   442 | D        | Reached XP level 9. HP: 72/91 MP: 9/9
   444 | D        | Killed a centaur warrior
   445 | D        | Reached skill level 19 in Axes
   451 | D        | Noticed a deep troll
   456 | D        | Killed a deep troll
   502 | D        | Found Memeanu's Armour Emporium.
   559 | D        | Bought a +0 helmet for 58 gold pieces
   577 | D        | Noticed a hornet
   577 | D        | Reached *** piety under the Shining One
   585 | D        | Killed a hornet
   586 | D        | Reached skill level 20 in Axes
   717 | D        | Noticed an oklob plant
   725 | D        | Killed an oklob plant
   726 | D        | Reached XP level 10. HP: 56/103 MP: 10/10
  1108 | D        | Noticed an unseen horror
  1109 | D        | Noticed an unseen horror
  1116 | D        | Killed an unseen horror
  1124 | D        | Killed an unseen horror
  1125 | D        | Reached skill level 21 in Axes
  1185 | D        | Reached **** piety under the Shining One
  1201 | D        | Reached ***** piety under the Shining One
  1304 | D        | Paralysed by a floating eye for 2 turns
  1317 | D        | Reached ****** piety under the Shining One
  1323 | D        | Reached skill level 15 in Fighting
  1340 | D        | Found Ydeelyall's Book Boutique.
  1340 | D        | Found Niguugiolu's Assorted Antiques.
  1340 | D        | Found Ripn's Antique Weapon Emporium.
  1346 | D        | Found Sups's Magic Scroll Shoppe.
  1346 | D        | Found Tiopregg's Assorted Antiques.
  1346 | D        | Found Bivahohe's Distillery.
  1388 | D        | Found Liosmu Pukh's Distillery.
  1388 | D        | Found Rahiatzu's Distillery.
  1388 | D        | Found Canlyasm's Magic Scroll Shop.
  1388 | D        | Found Xigein's Jewellery Emporium.
  1388 | D        | Found Tuzxosargh's Magic Scroll Boutique.
  1388 | D        | Found Zirch's Assorted Antiques.
  1388 | D        | Found Hif Miluq's Armour Shop.
  1390 | D        | Bought a scroll labelled WISASI ZUDIPRI for 32 gold pieces
  1392 | D        | Found Onudeosch's Armour Emporium.
  1412 | D        | Bought a scroll labelled WISASI ZUDIPRI for 25 gold pieces
  1412 | D        | Bought 2 scrolls labelled UTSUAFAEDU for 50 gold pieces
  1412 | D        | Bought a scroll labelled GOITORR PUOJED for 25 gold pieces
  1417 | D        | Bought a scroll labelled GOITORR PUOJED for 23 gold pieces
  1417 | D        | Bought a bubbling blue potion for 20 gold pieces
  1417 | D        | Bought a scroll labelled WISASI ZUDIPRI for 23 gold pieces
  1417 | D        | Bought an emerald potion for 20 gold pieces
  1417 | D        | Bought a scroll labelled WISASI ZUDIPRI for 23 gold pieces
  1417 | D        | Bought a buzzing helmet for 218 gold pieces
  1417 | D        | Identified the +1 helmet "Paecalul" {rPois Str+3} (You
                  | bought it in a shop in the Dungeon)
  1444 | D        | Bought a +0 pair of gloves of strength for 126 gold pieces
  1444 | D        | Bought a +0 cloak of willpower for 126 gold pieces
  1452 | D        | Bought a runed war axe for 149 gold pieces
  1476 | D        | Bought a scroll of identify for 20 gold pieces
  1476 | D        | Bought a scroll of identify for 20 gold pieces
  1476 | D        | Bought a scroll of identify for 20 gold pieces
  1525 | D        | Noticed Sonja
  1531 | D        | Killed Sonja
  1532 | D        | Reached skill level 22 in Axes
  1649 | D        | Found Opparatom's Antique Weapon Boutique.
  1804 | D        | Bought a potion of heal wounds for 160 gold pieces
  1815 | D        | Bought a scroll of enchant weapon for 75 gold pieces
  1815 | D        | Bought a scroll of enchant armour for 75 gold pieces
  1815 | D        | Bought a scroll of enchant armour for 75 gold pieces
  1822 | D        | Bought a scroll of enchant weapon for 105 gold pieces
  1830 | D        | Bought a scroll of enchant weapon for 75 gold pieces
  1856 | D        | Noticed a shining eye
  1856 | D        | Noticed a shining eye
  1856 | D        | Noticed a shining eye
  1867 | D        | Paralysed by a floating eye for 3 turns
  1875 | D        | Gained mutation: You occasionally lose the ability to drink
                  | potions when taking damage. [a shining eye]
  1876 | D        | Killed a shining eye
  1883 | D        | Gained mutation: Your spells are a little easier to cast,
                  | but a little less powerful. [a shining eye]
  1884 | D        | Killed a shining eye
  1885 | D        | Reached XP level 11. HP: 114/114 MP: 11/11
  1889 | D        | Killed a shining eye
  1890 | D        | Reached skill level 23 in Axes
  2062 | D        | Noticed a shining eye
  2062 | D        | Noticed a shining eye
  2062 | D        | Noticed a shining eye
  2062 | D        | Gained mutation: You are frail. (-10% HP) [a shining eye]
  2069 | D        | Killed a shining eye
  2069 | D        | Gained mutation: You are clumsy. (Dex -2) [a shining eye]
  2072 | D        | Gained mutation: You are very clumsy. (Dex -4) [a shining
                  | eye]
  2075 | D        | Killed a shining eye
  2075 | D        | Gained mutation: You sometimes lose your temper in combat.
                  | [a shining eye]
  2076 | D        | Reached skill level 15 in Armour
  2083 | D        | Killed a shining eye
  2085 | D        | Noticed a shining eye
  2085 | D        | Noticed a shining eye
  2085 | D        | Gained mutation: Your body sometimes deteriorates upon
                  | taking damage. [a shining eye]
  2104 | D        | Killed a shining eye
  2105 | D        | Reached skill level 24 in Axes
  2105 | D        | Gained mutation: You occasionally lose the ability to read
                  | scrolls when taking damage. [a shining eye]
  2107 | D        | Gained mutation: Your magical capacity is low. (-10% MP) [a
                  | shining eye]
  2112 | D        | Killed a shining eye
  2124 | D        | Found Matotz's Armour Shop.
  2124 | D        | Found Gory's Distillery.
  2124 | D        | Found Piottay's Book Boutique.
  2124 | D        | Found Sul Xinn's General Store.
  2127 | D        | Lost mutation: You are very clumsy. (Dex -4) [potion of
                  | mutation]
  2127 | D        | Lost mutation: You occasionally lose the ability to drink
                  | potions when taking damage. [potion of mutation]
  2128 | D        | Lost mutation: Your spells are a little easier to cast, but
                  | a little less powerful. [potion of mutation]
  2128 | D        | Lost mutation: You sometimes lose your temper in combat.
                  | [potion of mutation]
  2128 | D        | Lost mutation: You occasionally lose the ability to read
                  | scrolls when taking damage. [potion of mutation]
  2128 | D        | Gained mutation: You are partially covered in iridescent
                  | scales. (AC +2) [potion of mutation]
  2128 | D        | Gained mutation: You have sharp toenails. [potion of
                  | mutation]
  2133 | D        | Bought a potion of mutation for 96 gold pieces
  2351 | D        | Noticed a lindwurm
  2361 | D        | Killed a lindwurm
  2362 | D        | Reached skill level 25 in Axes
  2601 | D        | Noticed a lorocyproca
  2610 | D        | Killed a lorocyproca
  2611 | D        | Reached skill level 26 in Axes
  2611 | D        | Reached XP level 12. HP: 66/114 MP: 2/10
  2927 | D        | Bought a faintly glowing sling for 156 gold pieces
  2927 | D        | Identified the +9 sling "Hydrabane" {flame, Fly rPois rC+++
                  | Str-5} (You bought it in a shop in the Dungeon)
  2927 | D        | Bought a crude eveningstar for 480 gold pieces
  2927 | D        | Identified the +6 eveningstar of a volcano {venom, Str+5
                  | Int+2} (You bought it in a shop in the Dungeon)
  2966 | D        | Bought an iridescent flail for 204 gold pieces
  2966 | D        | Identified the +9 flail of Rilah {protect, rElec} (You
                  | bought it in a shop in the Dungeon)
  2979 | D        | Bought a potion of heal wounds for 60 gold pieces
  2979 | D        | Bought a potion of curing for 36 gold pieces
  2979 | D        | Bought 2 potions of cancellation for 192 gold pieces
  2979 | D        | Bought a potion of degeneration for 12 gold pieces
  2979 | D        | Bought a potion of attraction for 36 gold pieces
  2993 | D        | Bought a ring of flight for 245 gold pieces
  3011 | D        | Lost mutation: You are clumsy. (Dex -2) [potion of
                  | mutation]
  3011 | D        | Lost mutation: Your body sometimes deteriorates upon taking
                  | damage. [potion of mutation]
  3011 | D        | Gained mutation: Your body sometimes deteriorates upon
                  | taking damage. [potion of mutation]
  3011 | D        | Gained mutation: You are mostly covered in iridescent
                  | scales. (AC +4) [potion of mutation]
  3011 | D        | Lost mutation: Your magical capacity is low. (-10% MP)
                  | [potion of mutation]
  3075 | D        | Noticed a daeva
  3300 | D        | HP: 8/172 [daeva/+4 long sword of holy wrath (4)]
  3301 | D        | The Shining One protects you from harm!
  3302 | D        | HP: 2/172 [daeva/divine providence (15)]
  3303 | D        | The Shining One protects you from harm!
  3304 | D        | The Shining One protects you from harm!
  3307 | D        | HP: 4/172 [daeva/+4 long sword of holy wrath (7)]
  3308 | D        | The Shining One protects you from harm!
  3313 | D        | Slain by a daeva

Illustrated notes

Levels and vault maps discovered:
D:        dungeon_sprint_1 [red_sonja_temple_1, red_sonja_temple_small_1]

Skill      XL: |  1  2  3  4  5  6  7  8  9 10 11 12 |
---------------+-------------------------------------+-----
Fighting       | 5 6 8 9 11 12 14 15 18 | 18.5
Axes           | 5 8 11 13 15 18 20 22 26 | 26.7
Armour         | 4 5 7 8 10 11 13 14 16 17 | 17.0
Shields        | |  3.2

Action                     |  1- 3 |  4- 6 |  7- 9 | 10-12 || total
---------------------------+-------+-------+-------+-------++-------
  Melee: War axe           |    33 |    21 |    52 |   219 ||   325
 Invoke: Divine Shield     |       |       |       |     1 ||     1
  Evoke: Wand              |     1 |       |       |     3 ||     4
    Use: Potion            |     2 |       |     3 |    11 ||    16
         Scroll            |       |       |       |    13 ||    13
 Armour: Scale mail        |    11 |     4 |    17 |    17 ||    49
         Chain mail        |       |       |       |    90 ||    90
         Skin              |       |       |       |     8 ||     8
  Dodge: Dodged            |    12 |     4 |    16 |    67 ||    99
  Block: Buckler           |     7 |     5 |     6 |    32 ||    50
